 Dungeon Crawl Stone Soup version 0.22-a0-203-g879740d (webtiles) character file.

3301 b5mith the Fighter (level 9, -4/82 HPs)
             Began as a Minotaur Berserker on Feb 17, 2018.
             Was a High Priest of Trog.
             Slain by a hog (5 damage)
             ... on level 7 of the Dungeon.
             The game lasted 00:31:30 (8209 turns).

b5mith the Fighter (Minotaur Berserker)             Turns: 8209, Time: 00:31:31

Health: -4/82      AC:  7    Str: 26    XL:     9   Next: 70%
Magic:  8/8        EV: 15    Int:  4    God:    Trog [*****.]
Gold:   397        SH:  0    Dex:  9    Spells: 8/8 levels left

rFire    . . .     SeeInvis .   d - +2 halberd
rCold    . . .     Gourm    .   (shield currently unavailable)
rNeg     . . .     Faith    +   b - +0 animal skin
rPois    .         Spirit   .   (helmet restricted)
rElec    .         Reflect  .   i - +2 cloak {MR+}
rCorr    .         Harm     .   w - +0 pair of gloves
MR       +....                  (no boots)
Stlth    +.........             l - amulet of faith
HPRegen  0.23/turn              (no ring)
MPRegen  0.11/turn              (no ring)

@: about to teleport
A: retaliatory headbutt, horns 2
a: Berserk, Trog's Hand, Brothers in Arms, Burn Spellbooks, Renounce Religion


You were on level 7 of the Dungeon.
You worshipped Trog.
Trog was extremely pleased with you.
You were not hungry.

You visited 1 branch of the dungeon, and saw 8 of its levels.

You collected 397 gold pieces.

Inventory:

Hand Weapons
 d - a +2 halberd (weapon)
Missiles
 f - 73 stones (quivered)
Armour
 b - a +0 animal skin (worn)
 i - a +2 cloak of magic resistance (worn)
 w - a +0 pair of gloves (worn)
Jewellery
 l - an amulet of faith (around neck)
 s - an uncursed amulet of the acrobat {unknown}
Wands
 c - a wand of paralysis (13)
 q - a wand of disintegration (5)
 v - a wand of enslavement (22)
 C - a wand of scattershot (6)
Scrolls
 a - a scroll of remove curse {@r2}
 e - 2 scrolls of amnesia
 h - 6 scrolls of identify {@r1}
 j - a scroll of noise {unknown}
 k - a scroll of enchant armour {unknown}
 n - 2 scrolls of immolation
 p - a scroll of summoning {unknown}
 r - a scroll of magic mapping {unknown}
 t - a scroll of fog {unknown}
 u - a scroll of blinking {unknown}
Potions
 g - a potion of cancellation
 o - a potion of degeneration {unknown}
 z - a potion of haste {unknown}
 A - a potion of berserk rage {unknown}
 B - 2 potions of curing {@q1}
Books
 y - a book of Misfortune

   Spells                             Type                      Level
   a - Confusing Touch                Hexes                        1
   b - Confuse                        Hexes                        3
   c - Gell's Gravitas                Translocation                3
   d - Petrify                        Transmutation/Earth          4
   e - Metabolic Englaciation         Hexes/Ice                    5
   f - Yara's Violent Unravelling     Hexes/Transmutation          5
   Trog disapproves of the use of such an item.
Comestibles
 x - 2 rations


   Skills:
 + Level 8.5 Fighting
 + Level 8.5 Polearms
 + Level 7.9 Armour
 + Level 7.3 Dodging
   Level 6.1 Shields


You had 8 spell levels left.
You didn't know any spells.

Dungeon Overview and Level Annotations

Branches:
Dungeon (8/15)             Temple (0/1) D:4
   Lair: D:8-11

Altars:
Elyvilon
Fedhas
Kikubaaqudgha
Makhleb
Xom
Zin

Shops:
D:4 *   D:7 *


Innate Abilities, Weirdness & Mutations

You reflexively headbutt those who attack you in melee.
You have a pair of horns on your head.


Message History

* * * LOW HITPOINT WARNING * * *
The hog closely misses you. You furiously retaliate!
You headbutt the hog!
You kill the hog!
Trog accepts your kill. Something appears at your feet!
Trog grants you a weapon! The hog bites you.
* * * LOW HITPOINT WARNING * * *
The hog misses you.
You climb upwards.
There is a stone staircase leading down here.
You feel better. The hog misses you. The hog closely misses you.
As you read the scroll of teleportation, it crumbles to dust.
You feel strangely unstable. The hog bites you!
* * * LOW HITPOINT WARNING * * *
The hog closely misses you. You furiously retaliate!
You headbutt the hog. You puncture the hog!
The hog is heavily wounded.
The hog bites you.
You die...

##.##.#####
####.##### #........#
#.##.###.#
##.##.###.#
#####......##.#
.......##..##.#
######.#...##.#######
# #.........h@h..# #
###...########.#####
# ##.## #........# #
#.# #......#.# #.#
#.#...##.# ##'##
#.##.###)# ##...##
#.##.###.# #
##.....####........#
##
##..............##)##


You could see 2 hogs.

Vanquished Creatures
  A troll (D:5)
  Sigmund (D:6)
  A wyvern (D:5)
  2 hogs (D:8)
  A water moccasin (D:5)
  An orc warrior (D:6)
  A hornet zombie (D:6)
  An ogre (D:5)
  2 centaurs
  Blork the orc (D:6)
  3 bullfrogs (D:6)
  3 scorpions
  8 wights
  2 howler monkeys
  5 crimson imps
  2 bullfrog zombies
  A centaur skeleton (D:7)
  2 hounds
  6 orc priests
  A jelly (D:7)
  10 orc wizards
  4 iguanas
  2 worker ants (D:5)
  9 adders
  A howler monkey skeleton (D:6)
  2 shadow imps (D:5)
  4 oozes
  An adder skeleton (D:4)
  An adder zombie (D:7)
  2 worms
  A dart slug (D:1)
  4 leopard geckos
  26 orcs
  6 giant cockroaches
  8 goblins
  3 hobgoblins
  10 jackals
  10 kobolds
  3 quokkas
  2 ball pythons
  5 bats (D:2)
  4 frilled lizards
  A jackal zombie (D:7)
  6 rats
170 creatures vanquished.

Vanquished Creatures (others)
  A scorpion (D:4)
  A gnoll (D:4)
  An adder (D:4)
  A worm (D:4)
  A frilled lizard (D:4)
5 creatures vanquished.

Grand Total: 175 creatures vanquished

Notes
Turn   | Place    | Note
-------+----------+-------------------------------------------
     0 | D:1      | b5mith the Minotaur Berserker began the quest for the Orb.
     0 | D:1      | Reached XP level 1. HP: 19/19 MP: 0/0
   267 | D:1      | Reached XP level 2. HP: 27/27 MP: 1/1
  1333 | D:2      | Reached XP level 3. HP: 33/33 MP: 2/2
  1422 | D:2      | Reached XP level 4. HP: 36/40 MP: 3/3
  1442 | D:2      | Reached ** piety under Trog
  2163 | D:3      | Reached XP level 5. HP: 47/47 MP: 4/4
  2444 | D:3      | Found a white marble altar of Elyvilon.
  2504 | D:3      | Reached *** piety under Trog
  2681 | D:4      | Reached skill level 5 in Polearms
  2681 | D:4      | Reached skill level 1 in Shields
  2693 | D:4      | Found a shimmering altar of Xom.
  2727 | D:4      | Reached skill level 5 in Fighting
  2735 | D:4      | Reached XP level 6. HP: 52/56 MP: 5/5
  2815 | D:4      | Found Mefeaza's Assorted Antiques.
  2859 | D:4      | Found a blossoming altar of Fedhas.
  2868 | D:4      | Found an ancient bone altar of Kikubaaqudgha.
  2962 | D:4      | Found a staircase to the Ecumenical Temple.
  3021 | D:5      | Entered Level 5 of the Dungeon
  3473 | D:5      | Reached XP level 7. HP: 61/61 MP: 6/6
  3697 | D:5      | Reached **** piety under Trog
  4269 | D:5      | Reached skill level 5 in Armour
  5023 | D:5      | Reached XP level 8. HP: 70/70 MP: 7/7
  5032 | D:5      | Reached skill level 5 in Shields
  5048 | D:5      | Noticed a troll
  5058 | D:5      | Killed a troll
  5058 | D:5      | Reached skill level 5 in Dodging
  5144 | D:5      | HP: 3/71 [centaur/enchanted shortbow (1)]
  5902 | D:6      | Noticed Sigmund
  5923 | D:6      | Killed Sigmund
  6151 | D:6      | Reached ***** piety under Trog
  6341 | D:6      | Found a burning altar of Makhleb.
  6341 | D:6      | Found a glowing silver altar of Zin.
  6342 | D:6      | Noticed an angel
  6342 | D:6      | Noticed a green death
  6531 | D:6      | Reached XP level 9. HP: 41/79 MP: 8/8
  6869 | D:6      | Noticed Blork the orc
  6880 | D:6      | Killed Blork the orc
  7345 | D:7      | Found Lycizeke's Elemental Accessories.
  8205 | D:8      | Received a gift from Trog
  8205 | D:8      | HP: 2/82 [hog (5)]
  8209 | D:7      | Slain by a hog

Vault maps used:
D:1:      mushboom_english_gardens, minmay_parallelograms, minmay_misc_feat_tiny
D:3:      elyvilon_altar_4
D:4:      regret_index_temple_of_mockery,
          grunt_temple_overflow_growth_and_decay,
          nicolae_overflow_crystal_walls, lemuel_doored_altar,
          minmay_temple_entry_glassed_door, serial_shops, shop,
          xom_confusion_cloud
D:5:      kennysheep_windowed_halls, first_ration, palyth_stone_intersect
D:6:      grunt_temple_overflow_order_and_chaos_2, minmay_misc_feat_plants,
          uniq_sigmund, uniq_blork_the_orc
D:7:      nicolae_elemental_shop
D:8:      grunt_livestock, mrwooster_statue_mirror, trog_book, uniq_erica

Skill      XL: |  1  2  3  4  5  6  7  8  9 |
---------------+----------------------------+-----
Fighting       | 4 5 6 7 8 |  8.5
Polearms       | 4 5 6 7 8 |  8.5
Armour         | 3 4 5 6 7 |  7.9
Dodging        | 3 4 6 7 |  7.3
Shields        | 1 3 4 6 |  6.1

Action                   |  1- 3 |  4- 6 |  7- 9 || total
-------------------------+-------+-------+-------++-------
Melee: Spear             |    58 |   193 |   180 ||   431
       Headbutt          |     5 |    29 |    47 ||    81
       Scythe            |       |       |    57 ||    57
       Halberd           |       |       |    79 ||    79
Throw: Stone             |    35 |    87 |    54 ||   176
Invok: Berserk           |     2 |       |     4 ||     6
Evoke: Wand              |       |       |     1 ||     1
  Use: Scroll            |     1 |       |     6 ||     7
       Potion            |       |     4 |     1 ||     5
 Stab: Sleeping          |     1 |     1 |       ||     2
  Eat: Ration            |     1 |     2 |     4 ||     7
       Chunk             |     1 |       |     6 ||     7
Armor: Animal skin       |       |    37 |    39 ||    76
Dodge: Dodged            |    12 |    60 |   156 ||   228
Block: Shield            |       |    20 |    39 ||    59

Table legend:
 A = Spawn XP
 B = Non-spawn XP
 C = Spawn XP percentage of total XP
 D = Spawn monster count
 E = Non-spawn monster count
 F = Spawn count percentage of total count
 G = Total turns spent on level
                    A         B        C        D         E        F      G
               +---------+---------+-------+---------+---------+-------+---------
         Total |       0 |    4717 |   0.0 |       0 |     170 |   0.0 |  8209
               +---------+---------+-------+---------+---------+-------+---------
           D:1 |       0 |      40 |   0.0 |       0 |      18 |   0.0 |  1316
           D:2 |       0 |     149 |   0.0 |       0 |      27 |   0.0 |   835
           D:3 |       0 |      58 |   0.0 |       0 |      13 |   0.0 |   379
           D:4 |       0 |     327 |   0.0 |       0 |      19 |   0.0 |   491
           D:5 |       0 |    1506 |   0.0 |       0 |      37 |   0.0 |  2813
           D:6 |       0 |    1767 |   0.0 |       0 |      42 |   0.0 |  1493
           D:7 |       0 |     499 |   0.0 |       0 |      12 |   0.0 |   835
           D:8 |       0 |     371 |   0.0 |       0 |       2 |   0.0 |    47
               +---------+---------+-------+---------+---------+-------+---------
